 Dungeon Crawl Stone Soup version 0.32-a0-732-ga344392067 (webtiles) character file.

Game seed: 6695569194070641869

384 gimp the Shooter (level 6, -2/51 HPs)
             Began as a Coglin Hunter on Mar 16, 2024.
             Slain by an elf zombie (5 damage)
             ... in an ossuary.
             The game lasted 00:04:56 (2252 turns).

gimp the Shooter (Coglin Hunter)                    Turns: 2252, Time: 00:04:56

Health: -2/51      AC:  3    Str: 12    XL:     6   Next: 77%
Magic:  6/6        EV: 11    Int:  8    God:
Gold:   194        SH:  0    Dex: 19    Spells: 5/5 levels left

rFire   . . .        a - +2 sling {Zhen}
rCold   . . .        d - +0 sling {Xiang}
rNeg    . . .        c - +0 leather armour
rPois   .            (no helmet)
rElec   .            (no cloak)
rCorr   .            (no gloves)
SInv    .            (no boots)
Will    .....        (amulet unavailable)
Stlth   ++           (ring unavailable)
HPRegen 0.28/turn    (ring unavailable)
MPRegen 0.10/turn    (no gizmo)

%: no passive effects
@: no status effects
A: off-hand wielding, slow wielding, warmup strikes, no jewellery
a: Invent Gizmo


You were in an ossuary.
You visited 1 branch of the dungeon, and saw 4 of its levels.
You also visited: Ossuary.

You collected 194 gold pieces.

Inventory:

Hand Weapons
 a - a +2 sling (weapon) {Zhen}
 d - a +0 sling (offhand) {Xiang}
Armour
 c - a +0 leather armour (worn)
Scrolls
 b - 2 scrolls of butterflies
 e - a scroll of vulnerability {unknown}
 j - a scroll of identify {unknown}
 k - a scroll of enchant weapon {unknown}
 l - 4 scrolls of teleportation {unknown}
 m - a scroll of brand weapon {unknown}
 n - a scroll of fear {unknown}
 p - a scroll of blinking {unknown}
Potions
 f - 2 potions of lignification {unknown}
 g - a potion of cancellation {unknown}
 h - 2 potions of curing {unknown}
 i - a potion of berserk rage {unknown}
 o - a potion of enlightenment {unknown}
 q - a potion of might {unknown}
 r - a potion of mutation {unknown}


   Skills:
 - Level 5.0 Fighting
 + Level 5.7 Ranged Weapons
 - Level 1.7 Dodging
 - Level 0.7 Stealth


You had 5 spell levels left.
You didn't know any spells.
Your spell library contained the following spells:

 Spells                   Type           Power      Damage    Failure   Level
 Apportation              Tloc           0%         N/A       50%         1
 Sting                    Conj/Alch      0%         1d3       50%         1
 Jinxbite                 Hex            0%         N/A       63%         2
 Mercury Vapours          Alch/Air       0%         N/A       63%         2
 Stone Arrow              Conj/Erth      0%         3d7       86%         3
 Animate Armour           Summ/Erth      0%         N/A       99%         4
 Olgreb's Toxic Radiance  Alch           0%         N/A       99%         4
 Alistair's Intoxication  Alch           0%         N/A       100%        5
 Lehudib's Crystal Spear  Conj/Erth      0%         10d2      100%        8


Dungeon Overview and Level Annotations

Branches:
Dungeon (4/15)            Ossuary (1/1)
 Temple: D:4-7

Altars:


Innate Abilities, Weirdness & Mutations

You can wield a second weapon in your off-hand.
It takes a long time for you to wield or remove held weapons.
Your first few attacks do less damage.
You cannot equip rings or amulets.


Message History

Fire: a) +2 sling {Zhen}
Press: ? - help, Q - select action Shift-Dir - straight line, f/p - elf zombie
Aim: an elf zombie (moderately damaged, 62% to hit)
You shoot a sling bullet.
The sling bullet closely misses the elf zombie.
You shoot a sling bullet.
The sling bullet barely misses the elf zombie.
Fire: a) +2 sling {Zhen}
Press: ? - help, Q - select action Shift-Dir - straight line, f/p - elf zombie
Aim: an elf zombie (moderately damaged, 62% to hit)
You shoot a sling bullet. The sling bullet hits the human zombie.
You destroy the human zombie!
You shoot a sling bullet. The sling bullet hits the elf zombie.
The elf zombie is moderately damaged.
Fire: a) +2 sling {Zhen}
Press: ? - help, Q - select action Shift-Dir - straight line, f/p - elf zombie
Aim: an elf zombie (moderately damaged, 62% to hit)
You shoot a sling bullet. The sling bullet hits the elf zombie.
The elf zombie is moderately damaged.
You shoot a sling bullet.
The sling bullet barely misses the elf zombie.
The sling bullet barely misses the elf zombie.
The sling bullet hits the gnoll zombie.
The gnoll zombie is severely damaged.
Fire: a) +2 sling {Zhen}
Press: ? - help, Q - select action Shift-Dir - straight line, f/p - elf zombie
Aim: an elf zombie (moderately damaged, 62% to hit)
You shoot a sling bullet. The sling bullet hits the elf zombie!
The elf zombie is heavily damaged.
You shoot a sling bullet. The sling bullet hits the elf zombie.
The elf zombie is heavily damaged.
Fire: a) +2 sling {Zhen}
Press: ? - help, Q - select action Shift-Dir - straight line, f/p - elf zombie
Aim: an elf zombie (heavily damaged, 62% to hit)
You shoot a sling bullet. The sling bullet hits the elf zombie.
The elf zombie is heavily damaged.
You shoot a sling bullet.
The sling bullet closely misses the elf zombie.
The sling bullet hits the elf zombie.
The elf zombie is moderately damaged.
Fire: a) +2 sling {Zhen}
Press: ? - help, Q - select action Shift-Dir - straight line, f/p - elf zombie
Aim: an elf zombie (heavily damaged, 62% to hit)
You shoot a sling bullet. The sling bullet hits the elf zombie.
The elf zombie is heavily damaged.
You shoot a sling bullet. The sling bullet hits the elf zombie.
The elf zombie is severely damaged.
Fire: a) +2 sling {Zhen}
Press: ? - help, Q - select action Shift-Dir - straight line, f/p - elf zombie
Aim: an elf zombie (severely damaged, 62% to hit)
You shoot a sling bullet. The sling bullet hits the elf zombie.
The elf zombie is severely damaged.
You shoot a sling bullet. The sling bullet hits the elf zombie.
The elf zombie is severely damaged.
Fire: a) +2 sling {Zhen}
Press: ? - help, Q - select action Shift-Dir - straight line, f/p - elf zombie
Aim: an elf zombie (severely damaged, 62% to hit)
You shoot a sling bullet.
The sling bullet closely misses the elf zombie.
The sling bullet closely misses the elf zombie.
The sling bullet hits the gnoll zombie but does no damage.
The gnoll zombie is severely damaged.
You shoot a sling bullet.
The sling bullet closely misses the elf zombie.
The sling bullet barely misses the elf zombie.
The sling bullet barely misses the gnoll zombie.
Fire: a) +2 sling {Zhen}
Press: ? - help, Q - select action Shift-Dir - straight line, f/p - elf zombie
Aim: an elf zombie (severely damaged, 62% to hit)
You shoot a sling bullet.
The sling bullet closely misses the elf zombie.
The sling bullet hits the elf zombie!
The elf zombie is moderately damaged.
You shoot a sling bullet. The sling bullet hits the elf zombie.
The elf zombie is severely damaged.
The elf zombie hits you!
You take 6 damage, and have 28/51 hp.
Fire: a) +2 sling {Zhen}
Press: ? - help, Q - select action Shift-Dir - straight line, f - you, p - elf zombie Really target yourself?
Okay, then.
The elf zombie attacks as it pursues you!
The elf zombie hits you but does no damage.
A mummy comes into view.
The mummy closely misses you.
You shoot a sling bullet. The sling bullet hits the mummy.
The mummy is lightly damaged.
You shoot a sling bullet. The sling bullet hits the mummy.
The mummy is moderately damaged.
The mummy hits you!
* * * LOW HITPOINT WARNING * * *
You take 17 damage, and have 13/51 hp.
MASSIVE DAMAGE!!
The elf zombie attacks as it pursues you!
The elf zombie hits you.
* * * LOW HITPOINT WARNING * * *
The elf zombie hits you.
* * * LOW HITPOINT WARNING * * *
You take 10 damage, and have 3/51 hp.
The gnoll zombie barely misses you. The elf zombie hits you.
You die...

#...# # #...#
#...# #
#...####+.... #
#...#.....∩.# #
#...#.......# #
#..M#.......# #
#Z..#.......####Z#
#ZZ.#..........Z.#
#@Z.# #..# # #...#
#..# # #...# #..#
#
#...######..######
#......Z..........
#........ß..ß.....
#.................
#.................
##################


You could see a mummy, a gnoll zombie and 3 elf zombies.

Vanquished Creatures
  An elf zombie (Ossuary)
  2 human zombies (Ossuary)
  4 hound zombies (Ossuary)
  A mummy (D:4)
  6 gnolls
  4 adders
  7 adder zombies (Ossuary)
  4 dart slugs
  2 ribbon worms
  6 bats
  A giant cockroach (D:1)
  8 goblins
  6 hobgoblins
  4 jackals (D:1)
  A kobold (D:1)
  2 quokkas (D:1)
  A ball python (D:3)
  2 frilled lizards (D:1)
  4 jackal zombies (Ossuary)
  6 kobold zombies (Ossuary)
  2 orc zombies (Ossuary)
  8 rats
82 creatures vanquished.

Notes
Turn   | Place    | Note
-------+----------+-------------------------------------------
     0 | D:1      | gimp the Coglin Hunter began the quest for the Orb.
     0 | D:1      | Reached XP level 1. HP: 16/16 MP: 1/1
   153 | D:1      | Reached XP level 2. HP: 23/23 MP: 2/2
   197 | D:1      | Found a faded altar of an unknown god.
   290 | D:1      | Reached XP level 3. HP: 28/28 MP: 3/3
   738 | D:2      | Reached XP level 4. HP: 35/35 MP: 4/4
  1384 | D:3      | Reached XP level 5. HP: 37/42 MP: 5/5
  1812 | D:4      | Found a sand-covered staircase.
  1842 | Ossuary  | Entered an ossuary
  1862 | Ossuary  | Reached skill level 5 in Ranged Weapons
  1960 | Ossuary  | Reached XP level 6. HP: 31/49 MP: 6/6
  2123 | Ossuary  | Reached skill level 5 in Fighting
  2252 | Ossuary  | Slain by an elf zombie

Illustrated notes

Levels and vault maps discovered:
D:1:      nzn_arrival_crosshair, layout_basic,
          hellmonk_ecumenical_altar_inner_sanctum, due_unseen_surprise
D:2:      layout_loops_ring
D:3:      layout_basic, serial_glass, glass_columns_a, glass_columns_b,
          minmay_strange_pillars
D:4:      layout_basic, gup_ossuary_entry_pyramid, nicolae_tricolors
Ossuary:  ossuary_tomb_1

Skill      XL: |  1  2  3  4  5  6 |
---------------+-------------------+-----
Ranged Weapons | 4 5 |  5.7
Fighting       | 3 4 5 |  5.0
Dodging        | |  1.7
Stealth        | |  0.7

Action                     |  1- 3 |  4- 6 || total
---------------------------+-------+-------++-------
   Fire: Sling             |   128 |   328 ||   456
 Armour: Leather armour    |     6 |    65 ||    71
  Dodge: Dodged            |     4 |    57 ||    61

Table legend: (Time is in decaauts)
 A = Elapsed time spent in this place.
 B = Non-inter-level travel time spent in this place.
 C = Inter-level travel time spent in this place.
 D = Time resting spent in this place.
 E = Time spent auto-exploring this place.
 F = Levels seen in this place.
 G = Mean time per level.
                   A        B        C        D        E       F      G
               +--------+--------+--------+--------+--------+-----+--------+
         Total |   2298 |   2258 |     40 |     17 |   1657 |   5 |  459.6 |
       Dungeon |   1868 |   1828 |     40 |     17 |   1538 |   4 |  467.0 |
       Ossuary |    430 |    430 |      0 |      0 |    119 |   1 |  430.0 |
               +--------+--------+--------+--------+--------+-----+--------+

Top non-repeatable levels by time:
     D:2: 742 daAuts
     D:1: 509 daAuts
     D:3: 463 daAuts
 Ossuary: 430 daAuts
     D:4: 152 daAuts
